 Dungeon Crawl Stone Soup version 0.28.0-53-g5a82cb258f (webtiles) character file.

Game seed: 3652964732471120602

42 Kranky the Magician (level 3, -6/25 HPs)
             Began as a Gnoll Wanderer on June 24, 2022.
             Mangled by a gnoll
             ... wielding a +0 flail
              (7 damage)
             ... on level 1 of the Dungeon.
             The game lasted 00:05:21 (2593 turns).

Kranky the Magician (Gnoll Wanderer)                Turns: 2593, Time: 00:05:22

Health: -6/25      AC: 12    Str: 10    XL:     3   Next: 54%
Magic:  11/11      EV:  1    Int: 13    God:
Gold:   57         SH:  5    Dex: 12    Spells: 15/16 levels left

rFire   + . .      SeeInvis .   a - +0 dagger
rCold   . . .      Faith    .   c - +0 buckler
rNeg    . . .      Spirit   .   i - +0 plate armour
rPois   .          Reflect  .   (no helmet)
rElec   .          Harm     .   (no cloak)
rCorr   .          Rampage  .   f - +0 pair of gloves
Will    .....                   (no boots)
Stlth   ..........              (no amulet)
HPRegen 0.08/turn               l - ring of protection from fire
MPRegen 0.12/turn               (no ring)

@: no status effects
A: fangs 1, strong nose, distributed training
a: no special abilities


You were on level 1 of the Dungeon.
You visited 1 branch of the dungeon, and saw 2 of its levels.

You collected 57 gold pieces.

Inventory:

Hand Weapons
 a - a +0 dagger (weapon)
 m - a +0 halberd
Armour
 b - a +0 robe
 c - a +0 buckler (worn)
 f - a +0 pair of gloves (worn)
 i - a +0 plate armour (worn)
Jewellery
 l - a ring of protection from fire (left hand)
Scrolls
 e - a scroll of enchant weapon {unknown}
 g - 2 scrolls of teleportation {unknown}
 h - a scroll of noise {unknown}
 k - a scroll of identify {unknown}
Potions
 d - a potion of haste {unknown}
 j - a potion of curing {unknown}


   Skills:
 + Level 0.8 Fighting
 + Level 0.8 Short Blades
 + Level 0.8 Long Blades
 + Level 0.8 Axes
 + Level 0.8 Maces & Flails
 + Level 0.8 Polearms
 + Level 0.8 Staves
 + Level 0.8 Slings
 + Level 0.8 Bows
 + Level 0.8 Crossbows
 + Level 0.8 Throwing
 + Level 2.6 Armour
 + Level 0.8 Dodging
 + Level 0.8 Stealth
 + Level 4.5 Shields
 + Level 0.8 Unarmed Combat
 + Level 7.1 Spellcasting
 + Level 2.1 Conjurations
 + Level 0.5 Hexes
 + Level 0.5 Summonings
 + Level 0.5 Necromancy
 + Level 0.5 Translocations
 + Level 0.5 Transmutations
 + Level 0.5 Fire Magic
 + Level 0.5 Ice Magic
 + Level 0.5 Air Magic
 + Level 0.5 Earth Magic
 + Level 0.5 Poison Magic
 + Level 2.6 Invocations
 + Level 2.6 Evocations


You had 15 spell levels left.
You knew the following spells:

 Your Spells              Type           Power      Damage    Failure   Level
a - Foxfire               Conj/Fire      32%        2x1d5     100%        1

Your spell library contained the following spells:

 Spells                   Type           Power      Damage    Failure   Level
 Beastly Appendage        Tmut           12%        N/A       100%        1
 Blink                    Tloc           12%        N/A       100%        2
 Call Imp                 Summ           6%         N/A       100%        2
 Conjure Flame            Conj/Fire      8%         6-21      100%        3
 Dazzling Flash           Conj/Hex       16%        N/A       100%        3


Dungeon Overview and Level Annotations

Branches:
Dungeon (2/15)

Altars:

Shops:
D:1 (


Innate Abilities, Weirdness & Mutations

You have very sharp teeth.
Your uncanny sense of smell can sniff out nearby items.
Your experience applies equally to all skills.


Message History

You close the door.
A gnoll breaks down the door.
You see here 16 stones.
There is a broken door here.
There is a stone staircase leading down here.
You climb downwards.
The gnoll hits you with a +0 whip. x2
There is a stone staircase leading up here.
The gnoll hits you from afar with a +0 halberd.
The gnoll hits you but does no damage.
You climb upwards.
You block the gnoll's attack.
There is a stone staircase leading down here.
You block the gnoll's attack.
You aren't carrying any items that you can evoke.
Unknown command.
Things that are here:
a stone; a +0 club You see here 16 stones.
You hit the gnoll.
The gnoll is lightly wounded.
The gnoll hits you with a +0 flail.
You hit the gnoll but do no damage.
The gnoll is lightly wounded.
The gnoll hits you but does no damage.
You hit the gnoll but do no damage. Your bite misses the gnoll.
The gnoll is lightly wounded.
The gnoll hits you with a +0 flail!
* * * LOW HITPOINT WARNING * * *
You hit the gnoll but do no damage.
The gnoll is lightly wounded.
You block the gnoll's attack.
You hit the gnoll.
The gnoll is moderately wounded.
You block the gnoll's attack.
You closely miss the gnoll.
The gnoll is moderately wounded.
The gnoll hits you with a +0 flail.
* * * LOW HITPOINT WARNING * * *
You barely miss the gnoll. Your bite misses the gnoll.
The gnoll is moderately wounded.
The gnoll hits you with a +0 flail!
You die...

........###.# ####.# ########
#.#####..##.# #....# #......#
#.######.##.# #....# #......#
#.##.....##.# #....# #......#
#.........#.#####....# #......#
####......#..........###......###
.........(...g(.g......'.....>...
####....#..#####g###.###......###
##......#..## #@# #...........#
........#.g.# #.# ###########.#
##......#.#.## #.# #.#
........#.#..# #.# #g#
##......#.##.###.# #.#
##......#.##..##.######## #.#
#########.###.##.##.....# #.#
#########.# #.##.##.....# #.#
........#.# #..#........# #.##


You could see 2 gnolls.

Vanquished Creatures
  A dart slug (D:1)
  2 endoplasms (D:1)
  4 giant cockroaches
  4 goblins (D:1)
  7 hobgoblins
  2 quokkas
  5 bats
  3 frilled lizards (D:1)
  3 kobolds (D:1)
  2 rats
33 creatures vanquished.

Vanquished Creatures (others)
  56 foxfires (D:1)
56 creatures vanquished.

Grand Total: 89 creatures vanquished

Notes
Turn   | Place    | Note
-------+----------+-------------------------------------------
     0 | D:1      | Kranky the Gnoll Wanderer began the quest for the Orb.
     0 | D:1      | Kranky set off with the following items: a +0 dagger, a +0
                  | robe, a +0 buckler; and the following spells available to
                  | memorise: Foxfire, Beastly Appendage, Blink, Call Imp,
                  | Conjure Flame, Dazzling Flash
     0 | D:1      | Reached XP level 1. HP: 13/13 MP: 8/8
    18 | D:1      | Learned a level 1 spell: Foxfire
   456 | D:1      | Reached XP level 2. HP: 9/19 MP: 7/10
  1231 | D:1      | Reached XP level 3. HP: 25/25 MP: 9/11
  1397 | D:1      | Found Zuorch's Weapon Boutique.
  2592 | D:1      | HP: 1/25 [gnoll/+0 flail (6)]
  2593 | D:1      | Mangled by a gnoll

Illustrated notes

Levels and vault maps discovered:
D:1:      elethiomel_arrival_infinity_welcomes_careful_drivers, layout_basic,
          serial_shops, shop, minmay_misc_feat_doors, minivault_26
D:2:      wad_pebble_path, layout_rooms

Skill      XL: |  1 |
---------------+----+-----
Conjurations   | 2 |  2.1
Fighting       | |  0.8
Short Blades   | |  0.8
Long Blades    | |  0.8
Axes           | |  0.8
Maces & Flails | |  0.8
Polearms       | |  0.8
Staves         | |  0.8
Slings         | |  0.8
Bows           | |  0.8
Crossbows      | |  0.8
Throwing       | |  0.8
Armour         | |  2.6
Dodging        | |  0.8
Stealth        | |  0.8
Shields        | |  4.5
Unarmed Combat | |  0.8
Spellcasting   | |  7.1
Hexes          | |  0.5
Summonings     | |  0.5
Necromancy     | |  0.5
Translocations | |  0.5
Transmutations | |  0.5
Fire Magic     | |  0.5
Ice Magic      | |  0.5
Air Magic      | |  0.5
Earth Magic    | |  0.5
Poison Magic   | |  0.5
Invocations    | |  2.6
Evocations     | |  2.6

Action                   || total
-------------------------++-------
Melee: Dagger            ||   119
       Bite              ||     9
 Cast: Foxfire           ||    38
 Stab: Sleeping          ||     1
Armor: Robe              ||    20
       Plate armour      ||    42
Dodge: Dodged            ||    53
Block: Buckler           ||    35
